Blue Jackets vs Bruins
Created - 13 novembre 2014 at 23:09
Goals
|
Blue Jackets |
1 |
2 |
2 |
5 |
Bruins |
0 |
1 |
1 |
2 |
|
Shots
|
Blue Jackets |
10 |
11 |
14 |
35 |
Bruins |
12 |
5 |
10 |
27 |
|
1st period
1. Blue Jackets , Marc Savard 8 (Pavel Bure) at 2:22
Penalties :
Matt Hendricks (Bos) for Hooking (Minor) at 17:35
2nd period
2. Blue Jackets , David Booth 15 (Marc Savard, Brad Stuart) at 12:30
3. Blue Jackets , Chris Kelly 11 (Marcus Nilson, Brad Stuart) at 13:26
4. Bruins , Mark Stuart 1 (Vitali Yachmenev, Evgeni Nabokov) at 17:43
Penalties :
Matt Hendricks (Bos) for Interference (Minor) at 1:59, David Booth (Clb) for Hooking (Minor) at 10:16, Dainius Zubrus (Bos) for Hooking (Minor) at 18:45
3rd period
5. Blue Jackets , Wade Redden 6 (Ramzi Abid) at 0:32 (PP)
6. Blue Jackets , Jan Bulis 7 (Ramzi Abid) at 3:04
7. Bruins , Scottie Upshall 8 (Vitali Yachmenev, Sydney Crosby) at 8:15
Penalties :
David Booth (Clb) for Slashing (Minor) at 0:54, Ryan O'Byrne (Bos) for Diving (Minor) at 12:25, Matt Cooke (Bos) for Holding (Minor) at 17:33
Goalie Stats
Rick DiPietro (Clb), 25 saves from 27 shots - (0,926), W, 12-7-3, 60:00 minutes
Evgeni Nabokov (Bos), 18 saves from 23 shots - (0,783), L, 8-10-1, 43:04 minutes
Karri Ramo (Bos), 12 saves from 12 shots - (1,000), 16:56 minutes
Players Stats for Blue Jackets
Player Name G A P +/- PIM S H SB GA TA FO MP PP MP PK MP
------------------------------------------------------------------------------------
A.J Thelen 0 0 0 0 0 0 0 0 0 0 0/0 9:53 0:00 0:00
Adam Deadmarsh 0 0 0 0 0 3 1 0 0 0 0/1 11:41 0:00 0:00
Blake Wheeler 0 0 0 0 0 2 0 0 0 0 1/1 16:38 4:27 0:00
Brad Stuart 0 2 2 3 0 2 2 1 0 0 0/0 20:33 4:06 1:35
Branislav Mezei 0 0 0 -1 0 3 0 3 0 2 0/0 29:34 5:37 2:23
Chris Kelly 1 0 1 0 0 3 1 0 0 0 2/5 13:12 0:00 1:31
Dave Steckel 0 0 0 0 0 0 0 0 0 0 3/3 6:04 0:00 0:08
David Booth 1 0 1 2 4 5 0 0 0 0 1/3 21:45 5:16 0:00
François Beauchemin 0 0 0 3 0 1 1 0 0 0 0/0 20:33 4:06 1:35
Jan Bulis 1 0 1 0 0 2 4 0 0 0 6/14 16:38 4:27 0:00
Jason Ward 0 0 0 0 0 0 0 0 0 0 0/0 5:56 0:00 0:00
Jeff Taffe 0 0 0 0 0 1 0 0 0 0 0/0 8:15 0:00 2:19
Marc Savard 1 1 2 2 0 5 3 1 1 0 20/39 24:06 5:16 2:19
Marcus Nilson 0 1 1 1 0 3 1 0 0 0 2/2 13:24 0:03 1:25
Mike Commodore 0 0 0 0 0 0 1 0 0 0 0/0 9:53 0:00 0:00
Pavel Bure 0 1 1 1 0 0 1 0 0 0 1/3 21:26 5:13 0:00
Ramzi Abid 0 2 2 0 0 3 1 0 0 0 0/0 16:55 4:27 0:14
Wade Redden 1 0 1 -1 0 2 0 4 0 0 0/0 29:34 5:37 2:23
Players Stats for Bruins
Player Name G A P +/- PIM S H SB GA TA FO MP PP MP PK MP
------------------------------------------------------------------------------------
Andrei Markov 0 0 0 0 0 2 0 4 0 0 0/0 22:22 1:44 5:06
Andrew Alberts 0 0 0 -2 0 2 0 2 0 0 0/0 27:57 2:14 5:10
Blair Betts 0 0 0 0 0 0 0 0 0 0 0/2 4:49 0:00 1:51
Christoph Schubert 0 0 0 0 0 2 0 0 0 0 0/0 11:57 0:00 1:15
Dainius Zubrus 0 0 0 -2 2 2 1 0 0 0 0/0 13:01 0:00 0:00
Dave Bolland 0 0 0 0 0 0 0 0 0 0 0/0 0:00 0:00 0:00
Eric Lindros 0 0 0 0 0 1 0 0 0 0 23/38 24:26 2:04 4:59
Jason Demers 0 0 0 0 0 1 2 1 0 0 0/0 10:29 0:00 0:00
Mark Stuart 1 0 1 0 0 2 0 0 0 0 0/0 21:35 1:44 4:13
Martin Erat 0 0 0 0 0 0 1 0 0 0 0/0 2:58 0:00 0:00
Matt Cooke 0 0 0 -2 2 2 2 0 0 0 0/0 14:04 0:00 0:56
Matt Hendricks 0 0 0 -2 4 0 0 0 0 0 3/9 14:00 0:00 1:03
Ryan O'Byrne 0 0 0 -2 2 2 1 1 1 0 0/0 27:35 2:14 3:49
Scottie Upshall 1 0 1 0 0 1 6 1 0 0 0/1 20:23 1:54 3:08
Sydney Crosby 0 1 1 0 0 4 1 1 0 0 5/13 19:52 1:54 2:12
Victor Oreskovich 0 0 0 0 0 1 2 0 0 1 2/4 17:03 2:04 0:00
Vitali Yachmenev 0 2 2 0 0 2 4 0 0 0 0/0 15:28 1:54 0:00
Wojtek Wolski 0 0 0 0 0 3 0 0 1 0 2/4 22:13 2:04 5:10
3 Stars
1 - Marc Savard (Clb)
2 - Brad Stuart (Clb)
3 - Scottie Upshall (Bos)
Power Play
Blue Jackets - 1 on 5 Attempt(s) - 20,00%
Bruins - 0 on 2 Attempt(s) - 0,00%
Penalty Kill
Blue Jackets - 2 on 2 Attempt(s) - 100,00%
- Score 0 goal in Penalty Kill
Bruins - 4 on 5 Attempt(s) - 80,00%
- Score 0 goal in Penalty Kill
Official
Referees : Fraser Kerry and Hebert Ghislain
Linesman : Don Henderson and Michel Cormier
Game Notes
Karri Ramo enters game at 3:04 of 3rd period
Finance
Level 1 -- Attendance: 4222 (70,37%) -- Ticket Income 417 978 $
Level 2 -- Attendance: 3964 (79,28%) -- Ticket Income 233 876 $
Level 3 -- Attendance: 1828 (91,40%) -- Ticket Income 53 012 $
Level 4 -- Attendance: 3698 (92,45%) -- Ticket Income 70 262 $
Luxury Box -- Attendance: 790 (79,00%) -- Ticket Income 149 310 $
Game was played at the TD Banknorth Garden
Total Attendance: 14502 (80,57%)
Total Ticket Income: 924 438 $
Other Income: 138 666 $
Total Income: 1 063 104 $
Blue Jackets
5 vs 5 Forward
Center Left Wing Right Wing Time % Phy DF OF
1 Marc Savard David Booth Pavel Bure 40 1 2 2
2 Jan Bulis Ramzi Abid Blake Wheeler 30 1 2 2
3 Chris Kelly Marcus Nilson Adam Deadmarsh 20 1 2 2
4 Dave Steckel Jeff Taffe Jason Ward 10 1 2 2
5 vs 5 Defense
Defense Defense Time % Phy DF OF
1 Branislav Mezei Wade Redden 40 1 2 2
2 François Beauchemin Brad Stuart 30 1 2 2
3 Mike Commodore A.J Thelen 20 1 2 2
4 Branislav Mezei Wade Redden 10 1 2 2
PowerPlay Forward
Center Left Wing Right Wing Time % Phy DF OF
1 Marc Savard David Booth Pavel Bure 60 1 1 3
2 Jan Bulis Ramzi Abid Blake Wheeler 40 1 1 3
PowerPlay Defense
Defense Defense Time % Phy DF OF
1 Branislav Mezei Wade Redden 60 1 1 3
2 François Beauchemin Brad Stuart 40 1 1 3
Penalty Kill 4 Players Forward
Center Wing Time % Phy DF OF
1 Marc Savard David Booth 60 1 3 1
2 Pavel Bure Blake Wheeler 40 1 3 1
Penalty Kill 4 Players Defense
Defense Defense Time % Phy DF OF
1 Branislav Mezei Wade Redden 60 1 1 3
2 François Beauchemin Brad Stuart 40 1 3 1
Penalty Kill - 3 Players Forward
Forward Time % Phy DF OF
1 Marc Savard 60 1 2 2
2 David Booth 40 1 2 2
Penalty Kill - 3 Players Defense
Defense Defense Time % Phy DF OF
1 Branislav Mezei Wade Redden 60 1 2 2
2 François Beauchemin Brad Stuart 40 1 2 2
4 vs 4 Forward
Center Wing Time % Phy DF OF
1 Marc Savard David Booth 60 1 2 2
2 Pavel Bure Blake Wheeler 40 1 2 2
4 vs 4 Defense
Defense Defense Time % Phy DF OF
1 Branislav Mezei Wade Redden 60 1 2 2
2 François Beauchemin Brad Stuart 40 1 2 2
Last Minutes Offensive
Center Left Wing Right Wing Defense Defense
Marc Savard David Booth Pavel Bure Branislav Mezei Wade Redden
Last Minutes Defensive
Center Left Wing Right Wing Defense Defense
Marc Savard David Booth Pavel Bure Branislav Mezei Wade Redden
Goaltenders
Starting : Rick DiPietro
Backup : Mathieu Garon
Extra Forwards
Normal : Marcus Nilson, Chris Kelly, Jeff Taffe - PP : Marcus Nilson, Chris Kelly - PK : Jeff Taffe
Extra Defensemen
Normal : Mike Commodore, A.J Thelen, François Beauchemin - PP : Mike Commodore - PK : A.J Thelen, François Beauchemin
Penalty Shots
Marc Savard, David Booth, Pavel Bure, Blake Wheeler, Ramzi Abid
Bruins
5 vs 5 Forward
Center Left Wing Right Wing Time % Phy DF OF
1 Eric Lindros Wojtek Wolski Victor Oreskovich 40 1 2 2
2 Sydney Crosby Scottie Upshall Vitali Yachmenev 30 1 2 2
3 Matt Hendricks Matt Cooke Dainius Zubrus 20 1 2 2
4 Blair Betts Eric Lindros Martin Erat 10 1 2 2
5 vs 5 Defense
Defense Defense Time % Phy DF OF
1 Andrew Alberts Ryan O'Byrne 40 1 2 2
2 Andrei Markov Mark Stuart 30 1 2 2
3 Jason Demers Christoph Schubert 20 1 2 2
4 Andrew Alberts Ryan O'Byrne 10 1 2 2
PowerPlay Forward
Center Left Wing Right Wing Time % Phy DF OF
1 Eric Lindros Wojtek Wolski Victor Oreskovich 60 1 2 2
2 Sydney Crosby Scottie Upshall Vitali Yachmenev 40 1 2 2
PowerPlay Defense
Defense Defense Time % Phy DF OF
1 Andrew Alberts Ryan O'Byrne 60 1 2 2
2 Andrei Markov Mark Stuart 40 1 2 2
Penalty Kill 4 Players Forward
Center Wing Time % Phy DF OF
1 Eric Lindros Wojtek Wolski 60 1 2 2
2 Sydney Crosby Scottie Upshall 40 1 2 2
Penalty Kill 4 Players Defense
Defense Defense Time % Phy DF OF
1 Andrew Alberts Ryan O'Byrne 60 1 2 2
2 Andrei Markov Mark Stuart 40 1 2 2
Penalty Kill - 3 Players Forward
Forward Time % Phy DF OF
1 Eric Lindros 60 1 2 2
2 Wojtek Wolski 40 1 2 2
Penalty Kill - 3 Players Defense
Defense Defense Time % Phy DF OF
1 Andrew Alberts Ryan O'Byrne 60 1 2 2
2 Andrei Markov Mark Stuart 40 1 2 2
4 vs 4 Forward
Center Wing Time % Phy DF OF
1 Eric Lindros Wojtek Wolski 60 1 2 2
2 Sydney Crosby Scottie Upshall 40 1 2 2
4 vs 4 Defense
Defense Defense Time % Phy DF OF
1 Andrew Alberts Ryan O'Byrne 60 1 2 2
2 Andrei Markov Mark Stuart 40 1 2 2
Last Minutes Offensive
Center Left Wing Right Wing Defense Defense
Eric Lindros Wojtek Wolski Victor Oreskovich Andrew Alberts Ryan O'Byrne
Last Minutes Defensive
Center Left Wing Right Wing Defense Defense
Eric Lindros Wojtek Wolski Victor Oreskovich Andrew Alberts Ryan O'Byrne
Goaltenders
Starting : Evgeni Nabokov
Backup : Karri Ramo
Extra Forwards
Normal : Matt Cooke, Dainius Zubrus, Matt Hendricks - PP : Matt Cooke, Dainius Zubrus - PK : Matt Hendricks
Extra Defensemen
Normal : Jason Demers, Christoph Schubert, Andrei Markov - PP : Jason Demers - PK : Christoph Schubert, Andrei Markov
Penalty Shots
Eric Lindros, Wojtek Wolski, Sydney Crosby, Scottie Upshall, Matt Cooke
% Time on Ice - Blue Jackets
Lines # - Real PCT - Wanted PCT - Time Play
Normal Forward
1 - 36% - 40% - 16:31
2 - 26% - 30% - 12:11
3 - 25% - 20% - 11:41
4 - 13% - 10% - 5:56
Normal Defense
1 - 40% - 40% - 18:40
2 - 32% - 30% - 14:52
3 - 21% - 20% - 9:53
4 - 6% - 10% - 2:54
PP Forward
1 - 54% - 60% - 5:16
2 - 46% - 40% - 4:27
PP Defense
1 - 58% - 60% - 5:37
2 - 42% - 40% - 4:06
PK Forward
1 - 100% - 60% - 3:58
2 - 0% - 40% - 0:00
PK Defense
1 - 60% - 60% - 2:23
2 - 40% - 40% - 1:35
PK3 Forward
1 - 0% - 60%
2 - 0% - 40%
PK3 Defense
1 - 0% - 60%
2 - 0% - 40%
44 Forward
1 - 0% - 60%
2 - 0% - 40%
44 Defense
1 - 0% - 60%
2 - 0% - 40%
Last Minute Offensive - 0:00
Last Minute Defensive - 0:00
Total
Forward - 60:00
Defense - 60:00
|
% Time on Ice - Bruins
Lines # - Real PCT - Wanted PCT - Time Play
Normal Forward
1 - 32% - 40% - 14:59
2 - 34% - 30% - 15:46
3 - 27% - 20% - 12:36
4 - 6% - 10% - 2:58
Normal Defense
1 - 40% - 40% - 18:37
2 - 32% - 30% - 14:51
3 - 23% - 20% - 10:29
4 - 5% - 10% - 2:22
PP Forward
1 - 52% - 60% - 2:04
2 - 48% - 40% - 1:54
PP Defense
1 - 56% - 60% - 2:14
2 - 44% - 40% - 1:44
PK Forward
1 - 77% - 60% - 7:31
2 - 23% - 40% - 2:12
PK Defense
1 - 57% - 60% - 5:34
2 - 43% - 40% - 4:09
PK3 Forward
1 - 0% - 60%
2 - 0% - 40%
PK3 Defense
1 - 0% - 60%
2 - 0% - 40%
44 Forward
1 - 0% - 60%
2 - 0% - 40%
44 Defense
1 - 0% - 60%
2 - 0% - 40%
Last Minute Offensive - 0:00
Last Minute Defensive - 0:00
Total
Forward - 60:00
Defense - 60:00
|
Play by Play
1st period
0:01 of 1st period - Marc Savard wins face-off versus Eric Lindros in neutral zone.
0:14 of 1st period - Wrist shot by Victor Oreskovich.
0:14 of 1st period - Stopped by Rick DiPietro with a rebound.
0:50 of 1st period - Snap shot by Dainius Zubrus.
0:50 of 1st period - Stopped by Rick DiPietro without a rebound.
0:51 of 1st period - Marcus Nilson wins face-off versus Matt Hendricks in Blue Jackets zone.
1:09 of 1st period - Icing by Andrei Markov.
1:10 of 1st period - Dave Steckel wins face-off versus Matt Hendricks in Bruins zone.
1:17 of 1st period - Snap shot by Dave Steckel.
1:17 of 1st period - Shot Misses the Net.
1:54 of 1st period - Off-side.
1:55 of 1st period - Jan Bulis wins face-off versus Eric Lindros in neutral zone.
2:02 of 1st period - Snap shot by Jan Bulis.
2:02 of 1st period - Shot Misses the Net.
2:04 of 1st period - Wrist shot by Blake Wheeler.
2:04 of 1st period - Stopped by Evgeni Nabokov with a rebound.
2:06 of 1st period - Slapshot by Branislav Mezei.
2:06 of 1st period - Deflect By Jan Bulis.
2:06 of 1st period - Shot Misses the Net.
2:06 of 1st period - Puck is out of play.
2:07 of 1st period - Sydney Crosby wins face-off versus Marc Savard in Bruins zone.
2:22 of 1st period - Snap shot by Marc Savard.
2:22 of 1st period - Goal by Marc Savard - Blue Jackets : 1 - Bruins : 0.
2:23 of 1st period - Jan Bulis wins face-off versus Eric Lindros in neutral zone.
3:03 of 1st period - Adam Deadmarsh is hit by Vitali Yachmenev and loses puck.
3:15 of 1st period - Branislav Mezei is hit by Jason Demers and loses puck.
4:22 of 1st period - Snap shot by Vitali Yachmenev.
4:22 of 1st period - Stopped by Rick DiPietro with a rebound.
4:24 of 1st period - Wrist shot by Vitali Yachmenev.
4:24 of 1st period - Stopped by Rick DiPietro with a rebound.
4:26 of 1st period - Slapshot by Christoph Schubert.
4:26 of 1st period - Stopped by Rick DiPietro with a rebound.
4:28 of 1st period - Snap shot by Scottie Upshall.
4:28 of 1st period - Shot Misses the Net.
4:30 of 1st period - Snap shot by Sydney Crosby.
4:30 of 1st period - Stopped by Rick DiPietro with a rebound.
4:32 of 1st period - Wrist shot by Scottie Upshall.
4:32 of 1st period - Shot Blocked by Brad Stuart.
4:34 of 1st period - Slapshot by Jason Demers.
4:34 of 1st period - Shot Misses the Net.
4:36 of 1st period - Snap shot by Christoph Schubert.
4:36 of 1st period - Deflect By Chris Kelly.
4:36 of 1st period - Stopped by Rick DiPietro with a rebound.
4:38 of 1st period - Snap shot by Sydney Crosby.
4:38 of 1st period - Deflect By Vitali Yachmenev.
4:38 of 1st period - Deflect By François Beauchemin.
4:38 of 1st period - Shot Misses the Net.
4:38 of 1st period - Puck is out of play.
4:39 of 1st period - Eric Lindros wins face-off versus Marc Savard in Blue Jackets zone.
4:50 of 1st period - Wrist shot by Marc Savard.
4:50 of 1st period - Shot Blocked by Andrew Alberts.
5:39 of 1st period - Wade Redden is hit by Martin Erat and loses puck.
5:54 of 1st period - Snap shot by Marc Savard.
5:54 of 1st period - Shot Misses the Net.
5:56 of 1st period - Slapshot by Pavel Bure.
5:56 of 1st period - Shot Blocked by Andrei Markov.
6:06 of 1st period - Backhand shot by Andrei Markov.
6:06 of 1st period - Stopped by Rick DiPietro without a rebound.
6:07 of 1st period - Jan Bulis wins face-off versus Eric Lindros in Blue Jackets zone.
6:20 of 1st period - Slapshot by Jan Bulis.
6:20 of 1st period - Shot Misses the Net.
6:34 of 1st period - Snap shot by Jan Bulis.
6:34 of 1st period - Shot Misses the Net.
6:48 of 1st period - Slapshot by Ramzi Abid.
6:48 of 1st period - Stopped by Evgeni Nabokov with a rebound.
6:50 of 1st period - Slapshot by Branislav Mezei.
6:50 of 1st period - Stopped by Evgeni Nabokov with a rebound.
6:52 of 1st period - Snap shot by Blake Wheeler.
6:52 of 1st period - Shot Misses the Net.
6:54 of 1st period - Slapshot by Wade Redden.
6:54 of 1st period - Stopped by Evgeni Nabokov without a rebound.
6:55 of 1st period - Eric Lindros wins face-off versus Marc Savard in Bruins zone.
7:00 of 1st period - David Booth is hit by Victor Oreskovich and loses puck.
8:41 of 1st period - Snap shot by Pavel Bure.
8:41 of 1st period - Shot Misses the Net.
8:43 of 1st period - Slapshot by Brad Stuart.
8:43 of 1st period - Shot Misses the Net.
8:52 of 1st period - Icing by Brad Stuart.
8:53 of 1st period - Marc Savard wins face-off versus Sydney Crosby in Blue Jackets zone.
8:53 of 1st period - Marc Savard is hit by Vitali Yachmenev.
9:01 of 1st period - Ramzi Abid is hit by Vitali Yachmenev and loses puck.
9:20 of 1st period - Slapshot by Marc Savard.
9:20 of 1st period - Stopped by Evgeni Nabokov without a rebound.
9:21 of 1st period - Marc Savard wins face-off versus Eric Lindros in Bruins zone.
9:22 of 1st period - Snap shot by David Booth.
9:22 of 1st period - Stopped by Evgeni Nabokov with a rebound.
9:24 of 1st period - Wrist shot by David Booth.
9:24 of 1st period - Deflect By Marc Savard.
9:24 of 1st period - Shot Blocked by Ryan O'Byrne.
9:24 of 1st period - Puck is out of play.
9:25 of 1st period - Eric Lindros wins face-off versus Marc Savard in Bruins zone.
9:33 of 1st period - Wrist shot by Wojtek Wolski.
9:33 of 1st period - Stopped by Rick DiPietro with a rebound.
9:35 of 1st period - Snap shot by Andrew Alberts.
9:35 of 1st period - Shot Misses the Net.
9:37 of 1st period - Slapshot by Ryan O'Byrne.
9:37 of 1st period - Stopped by Rick DiPietro without a rebound.
9:38 of 1st period - Marc Savard wins face-off versus Eric Lindros in Blue Jackets zone.
10:03 of 1st period - Vitali Yachmenev is hit by Jan Bulis and loses puck.
10:35 of 1st period - Icing by Ryan O'Byrne.
10:36 of 1st period - Marc Savard wins face-off versus Matt Hendricks in Bruins zone.
10:58 of 1st period - Wrist shot by Dainius Zubrus.
10:58 of 1st period - Stopped by Rick DiPietro without a rebound.
10:59 of 1st period - Eric Lindros wins face-off versus Jan Bulis in Blue Jackets zone.
11:06 of 1st period - Slapshot by Wojtek Wolski.
11:06 of 1st period - Shot Blocked by Wade Redden.
11:08 of 1st period - Wrist shot by Eric Lindros.
11:08 of 1st period - Shot Misses the Net.
11:14 of 1st period - Snap shot by Wojtek Wolski.
11:14 of 1st period - Shot Blocked by Branislav Mezei.
11:24 of 1st period - Wrist shot by Dainius Zubrus.
11:24 of 1st period - Shot Blocked by Wade Redden.
11:26 of 1st period - Slapshot by Christoph Schubert.
11:26 of 1st period - Shot Blocked by Wade Redden.
11:28 of 1st period - Backhand shot by Dainius Zubrus.
11:28 of 1st period - Shot Misses the Net.
11:30 of 1st period - Slapshot by Christoph Schubert.
11:30 of 1st period - Shot Blocked by Branislav Mezei.
11:32 of 1st period - Slapshot by Christoph Schubert.
11:32 of 1st period - Deflect By Dainius Zubrus.
11:32 of 1st period - Shot Misses the Net.
11:32 of 1st period - Puck is out of play.
11:33 of 1st period - Eric Lindros wins face-off versus David Booth in Blue Jackets zone.
12:06 of 1st period - Snap shot by Dainius Zubrus.
12:06 of 1st period - Shot Misses the Net.
12:08 of 1st period - Slapshot by Mark Stuart.
12:08 of 1st period - Stopped by Rick DiPietro without a rebound.
12:09 of 1st period - Victor Oreskovich wins face-off versus Jan Bulis in Blue Jackets zone.
12:34 of 1st period - Adam Deadmarsh is hit by Scottie Upshall and loses puck.
13:08 of 1st period - Off-side.
13:09 of 1st period - Marc Savard wins face-off versus Wojtek Wolski in neutral zone.
13:36 of 1st period - Mike Commodore is hit by Scottie Upshall and loses puck.
13:45 of 1st period - Sydney Crosby is hit by Jan Bulis and loses puck.
14:45 of 1st period - Off-side.
14:46 of 1st period - Marc Savard wins face-off versus Sydney Crosby in neutral zone.
14:59 of 1st period - Snap shot by David Booth.
14:59 of 1st period - Shot Misses the Net.
15:33 of 1st period - Snap shot by David Booth.
15:33 of 1st period - Shot Blocked by Jason Demers.
15:35 of 1st period - Slapshot by Branislav Mezei.
15:35 of 1st period - Stopped by Evgeni Nabokov without a rebound.
15:36 of 1st period - Jan Bulis wins face-off versus Scottie Upshall in Bruins zone.
16:05 of 1st period - Off-side.
16:06 of 1st period - Matt Hendricks wins face-off versus Chris Kelly in neutral zone.
16:41 of 1st period - Wade Redden is hit by Dainius Zubrus and loses puck.
16:44 of 1st period - Slapshot by Branislav Mezei.
16:44 of 1st period - Stopped by Evgeni Nabokov with a rebound.
16:54 of 1st period - Snap shot by Blake Wheeler.
16:54 of 1st period - Stopped by Evgeni Nabokov with a rebound.
17:35 of 1st period - Minor Penalty to Matt Hendricks for Hooking.
17:36 of 1st period - Eric Lindros wins face-off versus Marc Savard in Bruins zone.
18:52 of 1st period - Pavel Bure is hit by Scottie Upshall.
19:35 of 1st period - Penalty to Matt Hendricks is over, Matt Hendricks is back on ice.
19:44 of 1st period - Jason Demers is hit by Brad Stuart and loses puck.
Goals for this period are 1 for Blue Jackets vs 0 for Bruins.
Shots for this period are 10 for Blue Jackets vs 12 for Bruins.
2nd period
0:01 of 2nd period - Eric Lindros wins face-off versus Marc Savard in neutral zone.
0:40 of 2nd period - Snap shot by Ramzi Abid.
0:40 of 2nd period - Shot Misses the Net.
1:59 of 2nd period - Minor Penalty to Matt Hendricks for Interference.
2:00 of 2nd period - Marc Savard wins face-off versus Eric Lindros in Bruins zone.
2:35 of 2nd period - Blake Wheeler is hit by Sydney Crosby and loses puck.
3:59 of 2nd period - Penalty to Matt Hendricks is over, Matt Hendricks is back on ice.
4:02 of 2nd period - Christoph Schubert is hit by Chris Kelly and loses puck.
4:15 of 2nd period - Backhand shot by Scottie Upshall.
4:15 of 2nd period - Shot Misses the Net.
4:26 of 2nd period - Off-side.
4:27 of 2nd period - Dave Steckel wins face-off versus Blair Betts in neutral zone.
4:54 of 2nd period - Snap shot by Ramzi Abid.
4:54 of 2nd period - Shot Misses the Net.
4:56 of 2nd period - Snap shot by Blake Wheeler.
4:56 of 2nd period - Shot Misses the Net.
5:00 of 2nd period - Slapshot by Blake Wheeler.
5:00 of 2nd period - Shot Misses the Net.
5:02 of 2nd period - Slapshot by Blake Wheeler.
5:02 of 2nd period - Shot Blocked by Andrew Alberts.
5:20 of 2nd period - Marc Savard is hit by Matt Cooke and loses puck.
6:48 of 2nd period - Jan Bulis is hit by Victor Oreskovich and loses puck.
7:37 of 2nd period - Snap shot by Marcus Nilson.
7:37 of 2nd period - Stopped by Evgeni Nabokov without a rebound.
7:38 of 2nd period - Chris Kelly wins face-off versus Sydney Crosby in Bruins zone.
8:44 of 2nd period - Blake Wheeler is hit by Scottie Upshall and loses puck.
8:53 of 2nd period - Wrist shot by Ramzi Abid.
8:53 of 2nd period - Shot Blocked by Scottie Upshall.
8:55 of 2nd period - Snap shot by Blake Wheeler.
8:55 of 2nd period - Deflect By Ramzi Abid.
8:55 of 2nd period - Stopped by Evgeni Nabokov with a rebound.
8:57 of 2nd period - Slapshot by Ramzi Abid.
8:57 of 2nd period - Stopped by Evgeni Nabokov without a rebound.
8:58 of 2nd period - Eric Lindros wins face-off versus Pavel Bure in Bruins zone.
8:58 of 2nd period - Eric Lindros is hit by Marc Savard.
9:21 of 2nd period - Snap shot by Marc Savard.
9:21 of 2nd period - Shot Misses the Net.
9:23 of 2nd period - Backhand shot by Adam Deadmarsh.
9:23 of 2nd period - Stopped by Evgeni Nabokov without a rebound.
9:24 of 2nd period - Matt Hendricks wins face-off versus Adam Deadmarsh in Bruins zone.
9:24 of 2nd period - Matt Hendricks is hit by Adam Deadmarsh.
9:55 of 2nd period - Marcus Nilson is hit by Matt Cooke and loses puck.
10:02 of 2nd period - Slapshot by Matt Cooke.
10:02 of 2nd period - Shot Misses the Net.
10:04 of 2nd period - Slapshot by Matt Cooke.
10:04 of 2nd period - Stopped by Rick DiPietro without a rebound.
10:05 of 2nd period - Eric Lindros wins face-off versus Marc Savard in Blue Jackets zone.
10:14 of 2nd period - Snap shot by Eric Lindros.
10:14 of 2nd period - Shot Blocked by Wade Redden.
10:16 of 2nd period - Minor Penalty to David Booth for Hooking.
10:17 of 2nd period - Eric Lindros wins face-off versus Marc Savard in Blue Jackets zone.
10:47 of 2nd period - Off-side.
10:48 of 2nd period - Marc Savard wins face-off versus Eric Lindros in neutral zone.
10:56 of 2nd period - Icing by Scottie Upshall.
10:57 of 2nd period - Marc Savard wins face-off versus Sydney Crosby in Bruins zone.
10:58 of 2nd period - Snap shot by Jeff Taffe.
10:58 of 2nd period - Shot Blocked by Andrei Markov.
12:16 of 2nd period - Penalty to David Booth is over, David Booth is back on ice.
12:26 of 2nd period - Wrist shot by Marc Savard.
12:26 of 2nd period - Stopped by Evgeni Nabokov with a rebound.
12:28 of 2nd period - Snap shot by Marc Savard.
12:28 of 2nd period - Shot Misses the Net.
12:30 of 2nd period - Wrist shot by David Booth.
12:30 of 2nd period - Goal by David Booth - Blue Jackets : 2 - Bruins : 0.
12:31 of 2nd period - Jan Bulis wins face-off versus Eric Lindros in neutral zone.
12:38 of 2nd period - Slapshot by Jan Bulis.
12:38 of 2nd period - Stopped by Evgeni Nabokov with a rebound.
13:24 of 2nd period - Wrist shot by Marcus Nilson.
13:24 of 2nd period - Shot Misses the Net.
13:26 of 2nd period - Wrist shot by Chris Kelly.
13:26 of 2nd period - Goal by Chris Kelly - Blue Jackets : 3 - Bruins : 0.
13:27 of 2nd period - Marc Savard wins face-off versus Eric Lindros in neutral zone.
13:33 of 2nd period - Icing by Wade Redden.
13:34 of 2nd period - Eric Lindros wins face-off versus Pavel Bure in Blue Jackets zone.
14:03 of 2nd period - Vitali Yachmenev is hit by Jan Bulis.
15:06 of 2nd period - Slapshot by Branislav Mezei.
15:06 of 2nd period - Deflect By Jeff Taffe.
15:06 of 2nd period - Stopped by Evgeni Nabokov without a rebound.
15:07 of 2nd period - Marc Savard wins face-off versus Sydney Crosby in Bruins zone.
15:18 of 2nd period - Snap shot by David Booth.
15:18 of 2nd period - Stopped by Evgeni Nabokov without a rebound.
15:19 of 2nd period - Wojtek Wolski wins face-off versus Marc Savard in Bruins zone.
15:32 of 2nd period - Wrist shot by Wojtek Wolski.
15:32 of 2nd period - Shot Misses the Net.
15:46 of 2nd period - Blake Wheeler is hit by Vitali Yachmenev and loses puck.
16:15 of 2nd period - Wrist shot by Marcus Nilson.
16:15 of 2nd period - Shot Misses the Net.
16:17 of 2nd period - Wrist shot by Brad Stuart.
16:17 of 2nd period - Stopped by Evgeni Nabokov without a rebound.
16:18 of 2nd period - Marc Savard wins face-off versus Wojtek Wolski in Bruins zone.
16:28 of 2nd period - Icing by Victor Oreskovich.
16:29 of 2nd period - Eric Lindros wins face-off versus Marc Savard in Bruins zone.
16:50 of 2nd period - Wrist shot by Wojtek Wolski.
16:50 of 2nd period - Stopped by Rick DiPietro with a rebound.
17:06 of 2nd period - Slapshot by Eric Lindros.
17:06 of 2nd period - Shot Blocked by Branislav Mezei.
17:08 of 2nd period - Slapshot by Wojtek Wolski.
17:08 of 2nd period - Shot Blocked by Marc Savard.
17:10 of 2nd period - Snap shot by Wojtek Wolski.
17:10 of 2nd period - Stopped by Rick DiPietro with a rebound.
17:12 of 2nd period - Snap shot by Eric Lindros.
17:12 of 2nd period - Shot Misses the Net.
17:14 of 2nd period - Slapshot by Andrew Alberts.
17:14 of 2nd period - Stopped by Rick DiPietro without a rebound.
17:15 of 2nd period - Sydney Crosby wins face-off versus Jan Bulis in Blue Jackets zone.
17:43 of 2nd period - Slapshot by Mark Stuart.
17:43 of 2nd period - Goal by Mark Stuart - Blue Jackets : 3 - Bruins : 1.
17:44 of 2nd period - Victor Oreskovich wins face-off versus David Booth in neutral zone.
18:32 of 2nd period - Wrist shot by Matt Cooke.
18:32 of 2nd period - Shot Misses the Net.
18:38 of 2nd period - Ryan O'Byrne is hit by François Beauchemin and loses puck.
18:45 of 2nd period - Minor Penalty to Dainius Zubrus for Hooking.
18:46 of 2nd period - Eric Lindros wins face-off versus Marc Savard in Bruins zone.
19:41 of 2nd period - Scottie Upshall is hit by Brad Stuart and loses puck.
Goals for this period are 2 for Blue Jackets vs 1 for Bruins.
Shots for this period are 11 for Blue Jackets vs 5 for Bruins.
3rd period
0:01 of 3rd period - Eric Lindros wins face-off versus Marc Savard in neutral zone.
0:09 of 3rd period - Eric Lindros is hit by Pavel Bure and loses puck.
0:32 of 3rd period - Slapshot by Wade Redden.
0:32 of 3rd period - Goal by Wade Redden - Blue Jackets : 4 - Bruins : 1.
0:33 of 3rd period - Eric Lindros wins face-off versus Marc Savard in neutral zone.
0:54 of 3rd period - Minor Penalty to David Booth for Slashing.
0:55 of 3rd period - Marc Savard wins face-off versus Victor Oreskovich in Blue Jackets zone.
1:22 of 3rd period - Wade Redden is hit by Scottie Upshall.
2:54 of 3rd period - Penalty to David Booth is over, David Booth is back on ice.
3:04 of 3rd period - Snap shot by Jan Bulis.
3:04 of 3rd period - Goal by Jan Bulis - Blue Jackets : 5 - Bruins : 1.
3:04 of 3rd period - Karri Ramo enters game.
3:05 of 3rd period - Blake Wheeler wins face-off versus Blair Betts in neutral zone.
3:19 of 3rd period - Icing by Wade Redden.
3:20 of 3rd period - Eric Lindros wins face-off versus Jan Bulis in Blue Jackets zone.
3:42 of 3rd period - Icing by Sydney Crosby.
3:43 of 3rd period - Sydney Crosby wins face-off versus Marc Savard in Bruins zone.
4:29 of 3rd period - Slapshot by François Beauchemin.
4:29 of 3rd period - Deflect By Marcus Nilson.
4:29 of 3rd period - Shot Misses the Net.
4:29 of 3rd period - Puck is out of play.
4:30 of 3rd period - Matt Hendricks wins face-off versus Chris Kelly in Bruins zone.
4:54 of 3rd period - Andrew Alberts is hit by Marcus Nilson and loses puck.
5:03 of 3rd period - Slapshot by Marcus Nilson.
5:03 of 3rd period - Deflect By Chris Kelly.
5:03 of 3rd period - Stopped by Karri Ramo without a rebound.
5:04 of 3rd period - Eric Lindros wins face-off versus Marc Savard in Bruins zone.
5:09 of 3rd period - Wrist shot by Andrei Markov.
5:09 of 3rd period - Deflect By Eric Lindros.
5:09 of 3rd period - Shot Misses the Net.
5:09 of 3rd period - Puck is out of play.
5:10 of 3rd period - Wojtek Wolski wins face-off versus Marc Savard in Blue Jackets zone.
5:11 of 3rd period - Wrist shot by Eric Lindros.
5:11 of 3rd period - Stopped by Rick DiPietro without a rebound.
5:12 of 3rd period - Marc Savard wins face-off versus Eric Lindros in Blue Jackets zone.
5:29 of 3rd period - Mark Stuart is hit by Marc Savard.
5:39 of 3rd period - Snap shot by Victor Oreskovich.
5:39 of 3rd period - Shot Misses the Net.
5:41 of 3rd period - Wrist shot by Andrei Markov.
5:41 of 3rd period - Deflect By Marc Savard.
5:41 of 3rd period - Stopped by Rick DiPietro with a rebound.
5:43 of 3rd period - Slapshot by Andrei Markov.
5:43 of 3rd period - Deflect By Eric Lindros.
5:43 of 3rd period - Shot Misses the Net.
5:43 of 3rd period - Puck is out of play.
5:44 of 3rd period - Sydney Crosby wins face-off versus Jan Bulis in Blue Jackets zone.
6:07 of 3rd period - Icing by François Beauchemin.
6:08 of 3rd period - Marcus Nilson wins face-off versus Matt Hendricks in Blue Jackets zone.
6:20 of 3rd period - Slapshot by Marcus Nilson.
6:20 of 3rd period - Shot Blocked by Andrei Markov.
6:22 of 3rd period - Wrist shot by Marcus Nilson.
6:22 of 3rd period - Stopped by Karri Ramo without a rebound.
6:23 of 3rd period - Marc Savard wins face-off versus Victor Oreskovich in Bruins zone.
6:49 of 3rd period - Scottie Upshall is hit by Jan Bulis and loses puck.
7:02 of 3rd period - Snap shot by Blake Wheeler.
7:02 of 3rd period - Deflect By Ramzi Abid.
7:02 of 3rd period - Deflect By Scottie Upshall.
7:02 of 3rd period - Shot Misses the Net.
7:02 of 3rd period - Puck is out of play.
7:03 of 3rd period - Eric Lindros wins face-off versus Chris Kelly in Bruins zone.
7:03 of 3rd period - Eric Lindros is hit by Mike Commodore.
7:36 of 3rd period - Snap shot by Sydney Crosby.
7:36 of 3rd period - Stopped by Rick DiPietro without a rebound.
7:37 of 3rd period - Marc Savard wins face-off versus Eric Lindros in Blue Jackets zone.
7:52 of 3rd period - Slapshot by Victor Oreskovich.
7:52 of 3rd period - Shot Misses the Net.
8:04 of 3rd period - Blake Wheeler is hit by Scottie Upshall and loses puck.
8:11 of 3rd period - Wrist shot by Sydney Crosby.
8:11 of 3rd period - Stopped by Rick DiPietro with a rebound.
8:13 of 3rd period - Slapshot by Vitali Yachmenev.
8:13 of 3rd period - Shot Misses the Net.
8:15 of 3rd period - Backhand shot by Scottie Upshall.
8:15 of 3rd period - Goal by Scottie Upshall - Blue Jackets : 5 - Bruins : 2.
8:16 of 3rd period - Eric Lindros wins face-off versus Marc Savard in neutral zone.
8:50 of 3rd period - Off-side.
8:51 of 3rd period - Eric Lindros wins face-off versus Jan Bulis in neutral zone.
9:00 of 3rd period - Wojtek Wolski is hit by Ramzi Abid and loses puck.
9:40 of 3rd period - Icing by Mark Stuart.
9:41 of 3rd period - Dave Steckel wins face-off versus Sydney Crosby in Bruins zone.
10:07 of 3rd period - Andrei Markov is hit by Marc Savard and loses puck.
10:23 of 3rd period - Icing by Mark Stuart.
10:24 of 3rd period - Eric Lindros wins face-off versus Jan Bulis in Bruins zone.
10:31 of 3rd period - Snap shot by Matt Cooke.
10:31 of 3rd period - Stopped by Rick DiPietro without a rebound.
10:32 of 3rd period - Marc Savard wins face-off versus Matt Hendricks in Blue Jackets zone.
10:41 of 3rd period - Snap shot by Pavel Bure.
10:41 of 3rd period - Deflect By Andrew Alberts.
10:41 of 3rd period - Shot Misses the Net.
10:41 of 3rd period - Puck is out of play.
10:42 of 3rd period - Eric Lindros wins face-off versus Marc Savard in Bruins zone.
10:47 of 3rd period - Slapshot by Andrew Alberts.
10:47 of 3rd period - Stopped by Rick DiPietro with a rebound.
10:57 of 3rd period - Slapshot by David Booth.
10:57 of 3rd period - Stopped by Karri Ramo with a rebound.
10:59 of 3rd period - Snap shot by Marc Savard.
10:59 of 3rd period - Stopped by Karri Ramo without a rebound.
11:00 of 3rd period - Sydney Crosby wins face-off versus Jan Bulis in Bruins zone.
11:36 of 3rd period - Branislav Mezei is hit by Jason Demers and loses puck.
11:53 of 3rd period - Wrist shot by Chris Kelly.
11:53 of 3rd period - Stopped by Karri Ramo without a rebound.
11:54 of 3rd period - Chris Kelly wins face-off versus Sydney Crosby in Bruins zone.
11:57 of 3rd period - Wrist shot by Marcus Nilson.
11:57 of 3rd period - Stopped by Karri Ramo with a rebound.
11:59 of 3rd period - Slapshot by François Beauchemin.
11:59 of 3rd period - Shot Misses the Net.
12:01 of 3rd period - Snap shot by François Beauchemin.
12:01 of 3rd period - Stopped by Karri Ramo without a rebound.
12:02 of 3rd period - Marc Savard wins face-off versus Sydney Crosby in Bruins zone.
12:25 of 3rd period - Minor Penalty to Ryan O'Byrne for Diving.
12:26 of 3rd period - Eric Lindros wins face-off versus Marc Savard in Bruins zone.
14:25 of 3rd period - Penalty to Ryan O'Byrne is over, Ryan O'Byrne is back on ice.
14:32 of 3rd period - Snap shot by Blake Wheeler.
14:32 of 3rd period - Shot Misses the Net.
14:34 of 3rd period - Slapshot by Chris Kelly.
14:34 of 3rd period - Shot Blocked by Sydney Crosby.
14:36 of 3rd period - Slapshot by Brad Stuart.
14:36 of 3rd period - Shot Misses the Net.
14:38 of 3rd period - Wrist shot by Adam Deadmarsh.
14:38 of 3rd period - Stopped by Karri Ramo with a rebound.
14:40 of 3rd period - Snap shot by Adam Deadmarsh.
14:40 of 3rd period - Stopped by Karri Ramo with a rebound.
15:17 of 3rd period - Chris Kelly is hit by Ryan O'Byrne and loses puck.
15:22 of 3rd period - Slapshot by Sydney Crosby.
15:22 of 3rd period - Stopped by Rick DiPietro with a rebound.
15:24 of 3rd period - Backhand shot by Jason Demers.
15:24 of 3rd period - Stopped by Rick DiPietro with a rebound.
15:42 of 3rd period - Slapshot by Scottie Upshall.
15:42 of 3rd period - Shot Misses the Net.
16:09 of 3rd period - Wrist shot by Chris Kelly.
16:09 of 3rd period - Shot Misses the Net.
16:11 of 3rd period - Slapshot by Wade Redden.
16:11 of 3rd period - Shot Misses the Net.
16:13 of 3rd period - Slapshot by Brad Stuart.
16:13 of 3rd period - Stopped by Karri Ramo without a rebound.
16:14 of 3rd period - Marc Savard wins face-off versus Eric Lindros in Bruins zone.
16:17 of 3rd period - Wrist shot by Marc Savard.
16:17 of 3rd period - Stopped by Karri Ramo with a rebound.
16:19 of 3rd period - Wrist shot by David Booth.
16:19 of 3rd period - Shot Blocked by Andrei Markov.
16:25 of 3rd period - Snap shot by David Booth.
16:25 of 3rd period - Stopped by Karri Ramo without a rebound.
16:26 of 3rd period - David Booth wins face-off versus Eric Lindros in Bruins zone.
17:33 of 3rd period - Minor Penalty to Matt Cooke for Holding.
17:34 of 3rd period - Pavel Bure wins face-off versus Eric Lindros in Bruins zone.
18:03 of 3rd period - Backhand shot by Ryan O'Byrne.
18:03 of 3rd period - Stopped by Rick DiPietro with a rebound.
19:26 of 3rd period - Icing by Branislav Mezei.
19:27 of 3rd period - Jan Bulis wins face-off versus Matt Hendricks in Blue Jackets zone.
19:33 of 3rd period - Penalty to Matt Cooke is over, Matt Cooke is back on ice.
Goals for this period are 2 for Blue Jackets vs 1 for Bruins.
Shots for this period are 14 for Blue Jackets vs 10 for Bruins.
Output by the SimonT Hockey Simulator (STHS) for François Prévost -- Original Page W3C XHTML 1.0 Valid